 Dungeon Crawl Stone Soup version 0.27.1-1-g398f81649c (console) character file.

Game seed: 14623018980089981654

574 om the Cutter (level 7, -24/39 HPs)
             Began as a Vampire Enchanter on Sept 8, 2021.
             Was an Initiate of Dithmenos.
             Annihilated by an ogre (33 damage)
             ... on level 5 of the Dungeon.
             The game lasted 00:08:57 (4178 turns).

om the Cutter (Vampire Enchanter)                   Turns: 4178, Time: 00:08:58

Health: -24/39     AC:  2    Str:  8    XL:     7   Next: 12%
Magic:  1/11       EV: 14    Int: 19    God:    Dithmenos [......]
Gold:   229        SH:  0    Dex: 14    Spells: 3/12 levels left

rFire    . . .     SeeInvis +   e - +2 dagger (drain)
rCold    + + .     Faith    .   (no shield)
rNeg     + + +     Spirit   .   b - +0 robe
rPois    ∞         Reflect  .   (no helmet)
rElec    .         Harm     .   (no cloak)
rCorr    .         Rampage  .   (no gloves)
Will     .....                  (no boots)
Stlth    +++++.....             (no amulet)
HPRegen  0.00/turn              (no ring)
MPRegen  0.12/turn              (no ring)

@: very slightly contaminated, bloodless, inhibited regen
A: bloodless, fangs 3, see invisible, vampiric 2
a: Bat Form, Revivify, Renounce Religion


You were on level 5 of the Dungeon.
You worshipped Dithmenos.
Dithmenos was noncommittal.
You visited 2 branches of the dungeon, and saw 6 of its levels.

You collected 229 gold pieces.

Inventory:

Hand Weapons
 a - a +1 dagger
 e - a +2 dagger of draining (weapon)
Armour
 b - a +0 robe (worn)
Magical Staves
 p - a staff of conjuration
Wands
 l - a wand of digging (3)
 o - a wand of flame (24)
Scrolls
 i - a scroll of noise {unknown}
 m - a scroll of fog {unknown}
 n - a scroll of teleportation {unknown}
 q - a scroll of enchant armour {unknown}
Potions
 c - 3 potions of lignification
 h - 3 potions of curing
 j - a potion of might
 k - a potion of flight {unknown}


   Skills:
 + Level 1.9 Fighting
 - Level 6.0 Short Blades
 * Level 4.8 Dodging
 - Level 4.4 Stealth
 - Level 3.0 Spellcasting
 - Level 4.4 Hexes


You had 3 spell levels left.
You knew the following spells:

 Your Spells              Type           Power      Damage    Failure   Level
a - Corona                Hex            21%        N/A       2%          1
b - Ensorcelled Hibernat  Hex/Ice        22%        N/A       10%         2
c - Confusing Touch       Hex            19%        N/A       8%          3
d - Tukima's Dance        Hex            19%        N/A       8%          3

Your spell library contained the following spells:

 Spells                   Type           Power      Damage    Failure   Level
 Dazzling Flash           Conj/Hex       22%        N/A       19%         3


Dungeon Overview and Level Annotations

Branches:
Dungeon (5/15)             Temple (1/1) D:4

Altars:
Dithmenos
Elyvilon
Fedhas
Gozag
Kikubaaqudgha
Nemelex Xobeh
Okawaru
Ru
Sif Muna
Zin
The Shining One


Innate Abilities, Weirdness & Mutations

You do not regenerate when monsters are visible.
You are frail without blood (-20% HP).
You can heal yourself when you bite living creatures.
You are immune to poison.
You have razor-sharp teeth.
You have supernaturally acute eyesight. (SInv)
You are afflicted with vampirism and can become a bat while bloodless.


Message History

You hit the white imp but do no damage.
The white imp appears confused.
You bite the white imp, but do no damage.
The white imp misses you.
You strike the helpless white imp from behind!
You puncture the white imp!
You kill the white imp!
Dithmenos accepts your kill.
You start resting.
An ogre comes into view. It is wielding a +0 giant club.
You close the door, pushing everything out of the way.
You start resting.
An ogre opens the door.
It is wielding a +0 giant club.
Casting: Confusing Touch (dangerous; 8% risk of failure)
Confirm with . or Enter, or press ? or * to list all spells.
Aiming: Ensorcelled Hibernation (safe; 10% risk of failure)
Press: ? - help, Shift-Dir - straight line, f - ogre
Aim: an ogre, wielding a +0 giant club (wandering, hasn't noticed you, chance to affect: 42%)
The ogre resists with some effort.
Casting: Ensorcelled Hibernation (safe; 10% risk of failure)
Confirm with . or Enter, or press ? or * to list all spells.
Aiming: Ensorcelled Hibernation (safe; 10% risk of failure)
Press: ? - help, Shift-Dir - straight line, f/p - ogre
Aim: an ogre, wielding a +0 giant club (chance to affect: 42%)
You miscast Ensorcelled Hibernation.
You are very lightly contaminated with residual magic.
Nothing appears to happen.
The ogre hits you with a +0 giant club!
Casting: Ensorcelled Hibernation (safe; 10% risk of failure)
Confirm with . or Enter, or press ? or * to list all spells.
You don't have enough magic to cast this spell.
The ogre hits you with a +0 giant club.
An iguana comes into view.
The iguana hisses angrily.
Okay, then.
You see here 23 bolts.
The ogre hits you with a +0 giant club!
* * * LOW HITPOINT WARNING * * *
You feel better.
The ogre hits you with a +0 giant club!!
Ouch! That really hurt!
You die...

#.)......#
##########.....#####
##......[##.....###..
#........#......#...>
#........#>.....#....
#........#>.....#....
#........#......'....
#........#......#..[.
########.....###.....#####
#....###.....###.....##...
#........@...#............
#........O...#............
#........(..)#†...........
#...........('............
#............#............
#.....##..l####..#######..
#.....####'# #..# ###
........ ... .....
......... .... .!....
.........#.........$....
#.....h...c....


You could see an ogre and an iguana.

Vanquished Creatures
  Edmund (D:4)
  An ogre (D:4)
  A centaur (D:5)
  2 hounds
  A jelly (D:4)
  An orc priest (D:3)
  Ijyb (D:3)
  A hound skeleton (D:4)
  3 gnolls
  3 adders
  A white imp (D:5)
  A worm (D:4)
  7 orcs
  6 endoplasms
  4 giant cockroaches
  5 goblins
  8 hobgoblins
  7 kobolds
  4 quokkas
  9 ball pythons
  4 bats
  2 frilled lizards
  4 rats
77 creatures vanquished.

Notes
Turn   | Place    | Note
-------+----------+-------------------------------------------
     0 | D:1      | om the Vampire Enchanter began the quest for the Orb.
     0 | D:1      | Reached XP level 1. HP: 13/13 MP: 3/3
   191 | D:1      | Reached XP level 2. HP: 14/17 MP: 1/5
   326 | D:1      | Reached skill level 2 in Short Blades
   494 | D:1      | Learned a level 2 spell: Ensorcelled Hibernation
  1018 | D:2      | Gained mutation: You are afflicted with vampirism and can
                  | become a bat while bloodless. [Vampire growth]
  1018 | D:2      | Reached XP level 3. HP: 19/24 MP: 6/6
  1543 | D:2      | Found a faded altar of an unknown god.
  1543 | D:2      | Noticed a blizzard demon
  1820 | D:3      | Reached skill level 3 in Short Blades
  1820 | D:3      | Reached XP level 4. HP: 30/30 MP: 4/8
  2000 | D:3      | Noticed Ijyb
  2023 | D:3      | Killed Ijyb
  2024 | D:3      | Reached skill level 4 in Short Blades
  2024 | D:3      | Reached XP level 5. HP: 35/35 MP: 6/9
  2086 | D:3      | Learned a level 3 spell: Confusing Touch
  2091 | D:3      | Learned a level 3 spell: Tukima's Dance
  2934 | D:4      | Noticed an ogre
  2939 | D:4      | Killed an ogre
  2940 | D:4      | Reached skill level 5 in Short Blades
  2940 | D:4      | Reached XP level 6. HP: 32/32 MP: 10/10
  3003 | D:4      | Found a staircase to the Ecumenical Temple.
  3010 | Temple   | Entered the Ecumenical Temple
  3246 | Temple   | Became a worshipper of Dithmenos the Shadowed
  3491 | D:4      | Noticed Edmund
  3498 | D:4      | Killed Edmund
  3499 | D:4      | Reached skill level 6 in Short Blades
  3499 | D:4      | Reached skill level 1 in Fighting
  3544 | D:4      | Found a sacrificial altar of Ru.
  3666 | D:4      | Found a blossoming altar of Fedhas.
  3941 | D:5      | Entered Level 5 of the Dungeon
  4143 | D:5      | Reached XP level 7. HP: 39/39 MP: 4/11
  4178 | D:5      | Annihilated by an ogre

Illustrated notes

Levels and vault maps discovered:
D:1:      wander_arrival_lonely_grave, layout_rooms
D:2:      layout_loops_corners, dreamdust_ecumenical_altar_sealed_demon
D:3:      layout_basic, chequers_serial_rivers_micro_b, uniq_ijyb
D:4:      layout_gridville, fedhas_altar_3, nicolae_overflow_hidden_temple,
          minmay_temple_entry_gardened_gates, uniq_edmund
D:5:      layout_gridville, nicolae_shop_sticking_my_neck_out
Temple:   jpeg_temple_island

Skill      XL: |  1  2  3  4  5  6 |
---------------+-------------------+-----
Short Blades   | 2 3 4 5 6 |  6.0
Dodging        | 3 4 |  4.8
Spellcasting   | 3 |  3.0
Fighting       | 1 |  1.9
Stealth        | |  4.4
Hexes          | |  4.4

Action                   |  1- 3 |  4- 6 |  7- 9 || total
-------------------------+-------+-------+-------++-------
Melee: Dagger            |    82 |    76 |     3 ||   161
       Bite              |     3 |     4 |     1 ||     8
 Cast: Corona            |     6 |       |       ||     6
       Ensorcelled Hiber |     1 |    26 |     1 ||    28
       Confusing Touch   |       |     1 |     1 ||     2
 Abil: Exsanguinate      |       |     1 |       ||     1
  Use: Scroll            |     4 |     3 |       ||     7
       Potion            |       |       |     1 ||     1
 Stab: Sleeping          |    10 |    25 |       ||    35
       Confused          |       |     1 |     1 ||     2
Armor: Robe              |    14 |     3 |       ||    17
Dodge: Dodged            |    33 |    55 |     1 ||    89
